 Dungeon Crawl Stone Soup version 0.20.0-10-g0535bb4 (webtiles) character file.

180 dobroeutro the Chopper (level 5, -4/45 HPs)
             Began as a Minotaur Fighter on June 3, 2017.
             Slain by an orc warrior
             ... wielding a +0 long sword
              (21 damage)
             ... on level 2 of the Dungeon.
             The game lasted 00:03:04 (2196 turns).

dobroeutro the Chopper (Minotaur Fighter)           Turns: 2196, Time: 00:03:05

Health: -4/45      AC:  6    Str: 20    XL:     5   Next: 33%
Magic:  4/4        EV:  7    Int:  5    God:
Gold:   153        SH:  9    Dex: 11    Spells: 4/4 levels left

rFire    . . .     SeeInvis .   a - +0 war axe
rCold    . . .     Gourm    .   c - +0 shield
rNeg     . . .     Faith    .   b - +0 scale mail
rPois    .         Spirit   .   (helmet restricted)
rElec    .         Reflect  .   (no cloak)
rCorr    .         Harm     .   (no gloves)
MR       .....                  (no boots)
Stlth    ..........             (no amulet)
Regen    0.2/turn               (no ring)
MPRegen  0.1/turn               (no ring)

@: no status effects
A: retaliatory headbutt, horns 2
a: no special abilities


You were on level 2 of the Dungeon.
You were hungry.

You visited 1 branch of the dungeon, and saw 3 of its levels.

You collected 153 gold pieces.

Inventory:

Hand Weapons
 a - a +0 war axe (weapon)
Armour
 b - a +0 scale mail (worn)
 c - a +0 shield (worn)
Scrolls
 e - 3 scrolls of enchant armour {unknown}
 g - 3 scrolls of identify {unknown}
 h - 2 scrolls of immolation {unknown}
 j - a scroll of recharging {unknown}
 k - a scroll of amnesia {unknown}
 l - 2 scrolls of enchant weapon {unknown}
 m - a scroll of blinking {unknown}
 o - 2 scrolls of magic mapping {unknown}
 p - a scroll of fear {unknown}
Potions
 d - a potion of might
 n - a potion of flight {unknown}
 q - a potion of curing {unknown}
 r - a potion of invisibility {unknown}
Comestibles
 f - 2 bread rations
 i - 8 fruits


   Skills:
 - Level 3.6 Fighting
 + Level 6.8 Axes
 - Level 3.6 Armour
 - Level 3.6 Shields


You had 4 spell levels left.
You didn't know any spells.

Dungeon Overview and Level Annotations

Branches:
Dungeon (3/15)

Altars:
Fedhas
Hepliaklqana

Annotations:
D:3 Grinder, Sigmund


Innate Abilities, Weirdness & Mutations

You reflexively headbutt those who attack you in melee.
You have a pair of horns on your head.


Message History

You block the orc's attack. The orc hits you but does no damage.
The orc warrior hits you with a long sword!
Unknown command.
You hit the orc warrior. You headbutt the orc warrior.
The orc warrior is moderately wounded.
You hit the orc. You closely miss the orc. The orc hits you.
You block the orc's attack.
The orc warrior hits you with a long sword!
You closely miss the orc warrior.
The orc warrior is moderately wounded.
You barely miss the orc. You hit the orc but do no damage. The orc hits you.
The orc hits you with a club. The orc warrior barely misses you.
The orc hits you.
You hit the orc warrior. You headbutt the orc warrior.
The orc warrior is heavily wounded.
You closely miss the orc. You slash the orc!
You kill the orc!
You block the orc's attack.
The orc warrior hits you with a long sword!!
You die...

#.#
#..#....#..#.#.†......##.####
..# #..#.##......'........##.#
..# #..#.##.##.#.#.......###.#
..# #..#.##.##...#.......# #.#
.#####+#.........'.......# #.#
.................#.......# #.#
..(##............######### #.#
...(#............)....######.#
....(÷.....)...o@o...........#
....#..........#......########
..).#..........#......#
....############......# ....#
#.....(...# ###.#
###.........#
###.#######...........#
#........##..(........#
'........##...........#


You could see an orc warrior and an orc.

Vanquished Creatures
  Robin (D:3)
  6 adders
  5 worms
  3 dart slugs (D:3)
  3 leopard geckos (D:1)
  3 orcs
  6 bats
  4 giant cockroaches
  17 goblins
  12 hobgoblins
  4 jackals (D:1)
  11 kobolds
  4 frilled lizards
  6 rats
85 creatures vanquished.

Vanquished Creatures (others)
  A plant (D:1)
1 creature vanquished.

Grand Total: 86 creatures vanquished

Notes
Turn   | Place    | Note
-------+----------+-------------------------------------------
     0 | D:1      | dobroeutro the Minotaur Fighter began the quest for the Orb.
     0 | D:1      | Reached XP level 1. HP: 19/19 MP: 0/0
    46 | D:1      | Reached skill level 3 in Axes
    52 | D:1      | Reached XP level 2. HP: 21/26 MP: 1/1
   223 | D:1      | Reached skill level 4 in Axes
   323 | D:1      | Reached XP level 3. HP: 30/31 MP: 2/2
   690 | D:2      | Found a blossoming altar of Fedhas.
   964 | D:2      | Reached skill level 5 in Axes
  1049 | D:2      | Found a hazy altar of Hepliaklqana.
  1113 | D:2      | Reached XP level 4. HP: 39/39 MP: 3/3
  1759 | D:3      | Reached skill level 6 in Axes
  1861 | D:3      | Noticed Robin
  1862 | D:3      | Reached XP level 5. HP: 36/45 MP: 4/4
  1880 | D:3      | Killed Robin
  2056 | D:3      | Noticed Grinder
  2057 | D:3      | Noticed Sigmund
  2190 | D:3      | Noticed an orc warrior
  2196 | D:2      | Slain by an orc warrior

Skill      XL: |  1  2  3  4 |
---------------+-------------+-----
Axes           | 3 4 5 6 |  6.8
Fighting       | |  3.6
Armour         | |  3.6
Shields        | |  3.6

Action                   |  1- 3 |  4- 6 || total
-------------------------+-------+-------++-------
Melee: War axe           |   109 |    92 ||   201
       Headbutt          |    13 |    18 ||    31
  Eat: Chunk             |       |     4 ||     4
Armor: Scale mail        |    33 |    26 ||    59
Dodge: Dodged            |    24 |    23 ||    47
Block: Shield            |    43 |    49 ||    92
